 Dungeon Crawl Stone Soup version 0.30-a0-331-g8ab09dc110 (webtiles) character file.

Game seed: 14525595798459476586

18212 Muataran the Carver (level 12, -5/110 HPs)
             Began as a Hill Orc Berserker on Oct 29, 2022.
             Was a Priest of Trog.
             Slain by a komodo dragon (18 damage)
             ... on level 1 of the Lair of Beasts.
             The game lasted 00:38:14 (13878 turns).

Muataran the Carver (Hill Orc Berserker)           Turns: 13878, Time: 00:38:14

Health: -5/110     AC: 17    Str: 25    XL:     12   Next: 56%
Magic:  12/12      EV: 12    Int:  7    God:    Trog [***...]
Gold:   516        SH: 11    Dex: 10    Spells: 11/11 levels left

rFire   . . .      SeeInvis .    b - +2 long sword (elec)
rCold   + . .      Faith    .    F - +0 kite shield
rNeg    + . .      Spirit   .    g - +4 ring mail
rPois   .          Reflect  .    (no helmet)
rElec   .          Harm     .    o - +2 cloak
rCorr   .          Rampage  .    M - +1 pair of gloves
Will    ++...                    (no boots)
Stlth   ..........               (no amulet)
HPRegen 1.38/turn                K - ring of positive energy
MPRegen 0.13/turn                L - ring of protection from cold

@: strong-willed, regenerating, studying Shields
A: no striking features
a: Renounce Religion, Berserk, Trog's Hand


You were on level 1 of the Lair of Beasts.
You worshipped Trog.
Trog was most pleased with you.
You visited 2 branches of the dungeon, and saw 13 of its levels.
You also visited: Bailey.

You collected 700 gold pieces.
You spent 184 gold pieces at shops.

Inventory:

Hand Weapons
 a - a +0 hand axe
 b - a +2 long sword of electrocution (weapon)
 G - a +0 broad axe of venom
Missiles
 J - a throwing net (quivered)
Armour
 g - a +4 ring mail (worn)
 o - a +2 cloak (worn)
 q - a +3 ring mail of cold resistance
 F - a +0 kite shield (worn)
 M - a +1 pair of gloves (worn)
Jewellery
 k - a +6 ring of strength
 B - a ring of fire
 D - a ring of magical power
 K - a ring of positive energy (left hand)
 L - a ring of protection from cold (right hand)
Wands
 y - a wand of polymorph (8)
 E - a wand of mindburst (13)
 H - a wand of paralysis (11)
 I - a wand of flame (31)
 N - a wand of iceblast (2)
Scrolls
 c - 3 scrolls of enchant armour
 d - 5 scrolls of identify
 h - 3 scrolls of blinking {unknown}
 r - 2 scrolls of fear
 s - 4 scrolls of teleportation
 u - 2 scrolls of vulnerability
 x - 2 scrolls of butterflies
 A - a scroll of summoning
Potions
 e - a potion of flight
 f - 8 potions of curing
 i - 2 potions of lignification
 j - 2 potions of cancellation
 l - 2 potions of heal wounds
 m - 3 potions of magic {unknown}
 n - 2 potions of invisibility
 p - a potion of ambrosia
 t - 4 potions of degeneration
 v - a potion of haste {unknown}
 w - 3 potions of mutation
 z - 2 potions of resistance {unknown}
 C - a potion of might


   Skills:
 + Level 11.0 Fighting
 * Level 12.9 Long Blades
 - Level 5.4 Axes
 + Level 9.7 Armour
 - Level 7.0 Dodging
 * Level 10.9 Shields


You had 11 spell levels left.
You didn't know any spells.
Your spell library was empty.

Dungeon Overview and Level Annotations

Branches:
Dungeon (12/15)            Temple (0/1) D:5            Lair (1/5) D:9
    Orc (0/2) D:10         Bailey (visited)

Altars:
Ashenzari
Cheibriados
Dithmenos
Elyvilon
Hepliaklqana
Makhleb
Vehumet
Yredelemnul
The Shining One

Shops:
D:6 *

Portals:
Ice
Cave: Lair:1

Annotations:
D:6 2 transporters


Message History

You block the blink frog's attack. The blink frog misses you.
You slash the blink frog!
Lightning courses through the blink frog!
You kill the blink frog!
Trog accepts your kill.
Your Fighting skill increases to level 11!
You start resting.
You feel yourself speed up.
You start resting.
A komodo dragon comes into view.
You recover from your berserk rage.
The komodo dragon hisses angrily.
Things that are here:
a cane toad corpse; a catoblepas corpse You see here a blink frog corpse.
You start resting.
A komodo dragon is nearby!
Your skin crawls.
You feel strong-willed.
You can no longer call in reinforcements.
You hit the komodo dragon.
Lightning courses through the komodo dragon!
The komodo dragon is moderately wounded.
You closely miss the komodo dragon.
The komodo dragon is moderately wounded.
You block the komodo dragon's attack.
You hit the komodo dragon.
The komodo dragon is moderately wounded.
The komodo dragon bites you!!
* * * LOW HITPOINT WARNING * * *
You completely miss the komodo dragon.
The komodo dragon is moderately wounded.
The komodo dragon bites you!
* * * LOW HITPOINT WARNING * * *
The komodo dragon attacks as you move away!
The komodo dragon bites you.
* * * LOW HITPOINT WARNING * * *
The komodo dragon attacks as you move away!
The komodo dragon bites you!!
You die...

+. ##... .##..+# ... .
.. ...#..+##..+..##..
##.##.##.l...........# .
#......#.....#.......#..
+......#.....+..........
#......#.............#
#......#.....#.......#
.†.....#.....†##..####..
#......#......†l@.......
##.P+#.......†..........
........................
........................
........................
........................
..............#####P.+#.
..............# ...
###.###.......# ..


You could see a komodo dragon.

Vanquished Creatures
  A catoblepas (Lair:1)
  3 two-headed ogres
  3 death yaks (D:9)
  Pikel (D:7)
  2 orc knights
  An orc sorcerer (Bailey)
  4 cane toads (Lair:1)
  A gargoyle (D:11)
  A kobold demonologist (Bailey)
  2 komodo dragons (Lair:1)
  4 trolls
  2 hornets
  4 blink frogs (Lair:1)
  A shadow (D:11)
  2 wraiths
  A wyvern (D:8)
  A yak (D:11)
  A vampire (D:10)
  A basilisk (Lair:1)
  4 vampire mosquitoes (D:10)
  A steam dragon (D:9)
  2 acid dragons
  2 water moccasins
  11 orc warriors (Bailey)
  A sky beast (D:7)
  2 black bears (D:5)
  An ice beast (D:7)
  2 ogres (D:5)
  5 wolves (Lair:1)
  A centaur (D:8)
  3 phantoms (D:5)
  4 bullfrogs
  A kobold brigand (D:11)
  3 scorpions
  A gnoll sergeant (D:11)
  A necrophage (D:7)
  2 water moccasin skeletons (D:5)
  23 wights
  6 killer bees (D:11)
  7 electric eels (Bailey)
  A howler monkey (D:8)
  2 bullfrog zombies (D:5)
  2 centaur zombies (D:5)
  5 orc priests
  7 hounds
  A bullfrog skeleton (D:5)
  A jelly (D:4)
  Crazy Yiuf (D:2)
  3 gnoll boudas
  2 iguanas
  2 hell rats (D:9)
  7 orc wizards
  A howler monkey skeleton (D:5)
  23 gnolls
  11 adders
  3 river rats (D:9)
  2 shadow imps (D:6)
  14 white imps
  An ufetubus (D:7)
  A worm (D:2)
  A dart slug (D:2)
  24 orcs
  8 ball pythons
  3 bats
  5 endoplasms
  20 goblins
  11 hobgoblins
  9 kobolds
  4 quokkas
  A frilled lizard (D:1)
  7 rats
302 creatures vanquished.

Vanquished Creatures (others)
  A fungus (Lair:1)
  14 plants
15 creatures vanquished.

Grand Total: 317 creatures vanquished

Notes
Turn   | Place    | Note
-------+----------+-------------------------------------------
     0 | D:1      | Muataran the Hill Orc Berserker began the quest for the
                  | Orb.
     0 | D:1      | Reached XP level 1. HP: 19/19 MP: 1/1
   114 | D:1      | Found a faded altar of an unknown god.
   385 | D:1      | Reached XP level 2. HP: 27/27 MP: 2/2
   792 | D:2      | Reached XP level 3. HP: 20/33 MP: 3/3
   876 | D:2      | Reached ** piety under Trog
  1106 | D:2      | Found a runed translucent door.
  1107 | D:2      | Noticed Crazy Yiuf
  1398 | D:2      | Reached skill level 5 in Axes
  1398 | D:2      | Reached XP level 4. HP: 39/40 MP: 4/4
  1767 | D:2      | Killed Crazy Yiuf
  1851 | D:3      | Reached skill level 1 in Shields
  2022 | D:3      | Reached XP level 5. HP: 43/47 MP: 5/5
  2322 | D:3      | Reached skill level 1 in Long Blades
  2548 | D:4      | Reached XP level 6. HP: 53/53 MP: 6/6
  2647 | D:4      | Reached skill level 2 in Long Blades
  2698 | D:4      | Identified the +7 short sword "Licricaf" {vorpal, rPois
                  | Str-4 Int+7 Stlth+}
  2718 | D:4      | Reached skill level 5 in Fighting
  2847 | D:4      | Found a snail-covered altar of Cheibriados.
  2909 | D:4      | Found a white marble altar of Elyvilon.
  2955 | D:4      | Reached XP level 7. HP: 38/61 MP: 7/7
  2963 | D:4      | Reached skill level 3 in Long Blades
  3430 | D:4      | Found a glowing golden altar of the Shining One.
  3836 | D:5      | Entered Level 5 of the Dungeon
  4424 | D:5      | Reached skill level 4 in Long Blades
  4424 | D:5      | Reached XP level 8. HP: 67/69 MP: 8/8
  4485 | D:5      | Reached *** piety under Trog
  4634 | D:5      | Found a staircase to the Ecumenical Temple.
  5032 | D:5      | Noticed a two-headed ogre
  5065 | D:5      | Killed a two-headed ogre
  5066 | D:5      | Reached skill level 6 in Long Blades
  5066 | D:5      | Reached skill level 5 in Armour
  5068 | D:5      | Reached XP level 9. HP: 78/78 MP: 9/9
  5388 | D:5      | Reached skill level 7 in Long Blades
  5789 | D:6      | Found a transporter.
  5820 | D:6      | Found a transporter.
  5898 | D:6      | Found Kevidur's General Store.
  5905 | D:6      | Bought a scroll of teleportation for 36 gold pieces
  5905 | D:6      | Bought a scroll of butterflies for 48 gold pieces
  5972 | D:6      | Bought a wand of polymorph (6) for 100 gold pieces
  6020 | D:6      | Noticed a kobold demonologist
  6344 | D:6      | Reached skill level 8 in Long Blades
  7016 | D:7      | Reached skill level 5 in Dodging
  7196 | D:7      | Found a basalt altar of Yredelemnul.
  7302 | D:7      | Reached XP level 10. HP: 87/87 MP: 10/10
  8091 | D:8      | Noticed Pikel
  8107 | D:7      | Killed Pikel
  8108 | D:7      | Reached skill level 9 in Long Blades
  8172 | D:8      | Paralysed by a hornet for 2 turns
  8276 | D:8      | Found a broken altar of Ashenzari.
  8297 | D:8      | Found a flagged portal.
  8428 | Bailey   | Entered a bailey
  8734 | Bailey   | Noticed a kobold demonologist
  8740 | Bailey   | Killed a kobold demonologist
  8962 | Bailey   | Reached skill level 10 in Long Blades
  9122 | Bailey   | Reached **** piety under Trog
  9467 | Bailey   | Found an iron altar of Okawaru.
  9467 | Bailey   | Noticed an orc sorcerer
  9485 | Bailey   | Killed an orc sorcerer
  9612 | Bailey   | Reached XP level 11. HP: 97/97 MP: 11/11
 10070 | Bailey   | Acquired a manual of Shields
 10112 | Bailey   | Noticed an orc knight
 10125 | Bailey   | Killed an orc knight
 10696 | D:8      | Found a burning altar of Makhleb.
 10696 | D:8      | Found a hazy altar of Hepliaklqana.
 10894 | D:9      | Found a radiant altar of Vehumet.
 10939 | D:9      | Noticed a death yak
 10942 | D:9      | Noticed a death yak
 10944 | D:9      | Noticed a death yak
 10955 | D:9      | Killed a death yak
 10956 | D:9      | Reached skill level 11 in Long Blades
 10965 | D:9      | Reached skill level 5 in Shields
 10975 | D:9      | Found a staircase to the Lair.
 11286 | D:9      | Killed a death yak
 11296 | D:9      | Killed a death yak
 11533 | D:9      | You fall into a shaft and drop 3 floors!
 11554 | D:11     | Noticed a two-headed ogre
 11555 | D:11     | Reached skill level 10 in Fighting
 11566 | D:11     | Killed a two-headed ogre
 11576 | D:11     | Noticed a deep elf pyromancer
 11578 | D:11     | Noticed a two-headed ogre
 11583 | D:11     | Noticed an orc knight
 11744 | D:11     | Killed a two-headed ogre
 11885 | D:11     | Reached skill level 12 in Long Blades
 11897 | D:11     | Reached XP level 12. HP: 67/107 MP: 12/12
 12125 | D:10     | Entered Level 10 of the Dungeon
 12315 | D:10     | Found a shadowy altar of Dithmenos.
 12381 | D:10     | Noticed a seven-headed hydra
 12994 | D:10     | Found a staircase to the Orcish Mines.
 13365 | Lair:1   | Entered Level 1 of the Lair of Beasts
 13452 | Lair:1   | Found a frozen archway.
 13506 | Lair:1   | Reached skill level 10 in Shields
 13803 | Lair:1   | Noticed a catoblepas
 13822 | Lair:1   | Killed a catoblepas
 13878 | Lair:1   | Slain by a komodo dragon

Illustrated notes

Levels and vault maps discovered:
D:1:      grunt_arrival_crossed_arrows, layout_basic,
          hellmonk_ecumenical_altar_run_dry
D:2:      layout_basic, serial_forest, infiniplex_forest_corner_1,
          infiniplex_forest_clump_small, infiniplex_forest_clump_small,
          infiniplex_forest_fountain, infiniplex_forest_lined_3_way,
          infiniplex_forest_lined_room_2, infiniplex_forest_clump_medium,
          uniq_crazy_yiuf_cottage
D:3:      minmay_general_purpose_star, layout_rooms
D:4:      layout_loops_corners, tso_metal_star, mainiacjoe_overflow_alcove_1,
          nicolae_elyvilon_temple_path, chequers_serial_rivers_micro_b,
          grunt_ministairs_2
D:5:      minmay_evil_eye, layout_basic, minmay_temple_entry_hall,
          serial_undead, serial_undead_d, serial_undead_e, serial_undead_f,
          serial_undead_c, cheibrodos_gnoll_hut
D:6:      gammafunk_wand_slinger, layout_layer_cave, serial_shops,
          nicolae_shop_trees
D:7:      layout_gridville, yredelemnul_altar_generic,
          amcnicky_mini_rare_corridor_liquid
D:8:      layout_rooms, ashenzari_altar_1, nicolae_overflow_two_pavilions,
          enter_bailey_3, minivault_23, item_on_display_b, uniq_pikel
D:9:      layout_cave_pools, vehumet_altar_wand_db, dpeg_lair_monsters,
          hex_medium
D:10:     layout_basic, nicolae_dithmenos_the_darkroom, orc_0_dummy
D:11:     minmay_recursive_quarters, layout_basic
D:12:     layout_roguey
Lair:1:   layout_regular_city, portal_ice_cave_entry_imps, grunt_megastairs_3

Skill      XL: |  1  2  3  4  5  6  7  8  9 10 11 12 |
---------------+-------------------------------------+-----
Fighting       | 4 5 6 8 9 10 11 | 11.0
Dodging        | 2 3 4 5 6 7 |  7.0
Axes           | 5 |  5.4
Armour         | 3 4 5 6 8 9 |  9.7
Shields        | 1 2 4 8 10 | 10.9
Long Blades    | 1 2 4 6 8 10 12 | 12.9

Action                   |  1- 3 |  4- 6 |  7- 9 | 10-12 || total
-------------------------+-------+-------+-------+-------++-------
Melee: Hand axe          |    94 |    22 |       |       ||   116
       Punch             |     1 |       |       |       ||     1
       Long sword        |       |   110 |   291 |   698 ||  1099
Invok: Berserk           |       |     5 |     8 |    19 ||    32
       Trog's Hand       |       |       |     1 |    11 ||    12
  Use: Scroll            |       |    13 |     1 |    13 ||    27
       Potion            |       |       |     1 |     2 ||     3
 Stab: Invisible         |       |       |     1 |       ||     1
       Petrified         |       |       |       |     3 ||     3
Armor: Animal skin       |    10 |       |       |       ||    10
       Ring mail         |    15 |    64 |    57 |   234 ||   370
       Chain mail        |       |       |    88 |   107 ||   195
Dodge: Dodged            |    44 |    67 |   129 |   452 ||   692
Block: Buckler           |     2 |    20 |    63 |   154 ||   239
       Kite shield       |       |       |       |   150 ||   150

Table legend: (Time is in decaauts)
 A = Elapsed time spent in this place.
 B = Non-inter-level travel time spent in this place.
 C = Inter-level travel time spent in this place.
 D = Time resting spent in this place.
 E = Time spent auto-exploring this place.
 F = Levels seen in this place.
 G = Mean time per level.
                   A        B        C        D        E       F      G
               +--------+--------+--------+--------+--------+-----+--------+
         Total |  14186 |  13776 |    410 |   3910 |   7032 |  14 | 1013.3 |
       Dungeon |  11667 |  11257 |    410 |   2529 |   6570 |  12 |  972.2 |
          Lair |    500 |    500 |      0 |    174 |    106 |   1 |  500.0 |
        Bailey |   2018 |   2018 |      0 |   1206 |    356 |   1 | 2018.0 |
               +--------+--------+--------+--------+--------+-----+--------+

Top non-repeatable levels by time:
  Bailey: 2018 daAuts
     D:5: 1784 daAuts
     D:4: 1636 daAuts
     D:7: 1321 daAuts
     D:6: 1107 daAuts
     D:2: 1084 daAuts
     D:8: 958 daAuts
    D:10: 899 daAuts
     D:9: 765 daAuts
     D:1: 752 daAuts
     D:3: 675 daAuts
    D:11: 672 daAuts
  Lair:1: 500 daAuts
    D:12: 8 daAuts
